 Dungeon Crawl Stone Soup version 0.29-a0-923-g6e406bff71 (webtiles) character file.

Game seed: 12809965707618000753

83 jlumianski the Chiller (level 4, -4/30 HPs)
             Began as a Demonspawn Ice Elementalist on July 27, 2022.
             Splashed by a jelly's acid (6 damage)
             ... in a sewer.
             The game lasted 00:12:51 (1941 turns).

jlumianski the Chiller (DsIE)                       Turns: 1941, Time: 00:12:52

Health: -4/30      AC: -5    Str:  9    XL:     4   Next: 22%
Magic:  3/8        EV: 12    Int: 24    God:
Gold:   15         SH:  0    Dex: 13    Spells: 2/9 levels left

rFire   . . .      SeeInvis .   g - staff of conjuration
rCold   . . .      Faith    .   (no shield)
rNeg    . . .      Spirit   .   a - +0 robe
rPois   .          Reflect  .   (no helmet)
rElec   .          Harm     .   (no cloak)
rCorr   .          Rampage  .   (no gloves)
Will    .....                   (no boots)
Stlth   ++........              (no amulet)
HPRegen 0.10/turn               i - +6 ring of intelligence
MPRegen 0.11/turn               (no ring)

@: corroded, freezing walls
A: rugged brown scales 1, powered by pain 1
a: no special abilities


You were in a sewer.
You visited 1 branch of the dungeon, and saw 3 of its levels.
You also visited: Sewer.

You collected 35 gold pieces.
You spent 20 gold pieces at shops.

Inventory:

Hand Weapons
 c - a +0 dagger
 k - a +0 sling
 n - a +0 sling
Missiles
 d - 9 poisoned darts (quivered)
 j - 8 stones
Armour
 a - a +0 robe (worn)
Magical Staves
 g - a staff of conjuration (weapon)
Jewellery
 i - a +6 ring of intelligence (left hand)
Scrolls
 b - a scroll of silence {unknown}
 e - a scroll of amnesia
 h - a scroll of butterflies
Potions
 f - 2 potions of resistance
 l - a potion of haste


   Skills:
 + Level 0.1 Staves
 + Level 2.1 Dodging
 + Level 1.9 Stealth
 + Level 3.1 Spellcasting
 + Level 4.4 Ice Magic


You had 2 spell levels left.
You knew the following spells:

 Your Spells              Type           Power      Damage    Failure   Level
a - Freeze                Ice            96%        1d11      1%          1
b - Frozen Ramparts       Ice            48%        1d6       5%          3
c - Ozocubu's Armour      Ice            24%        N/A       5%          3

Your spell library contained the following spells:

 Spells                   Type           Power      Damage    Failure   Level
 Hailstorm                Conj/Ice       21%        3d6       41%         4


Dungeon Overview and Level Annotations

Branches:
Dungeon (3/15)              Sewer (1/1)

Altars:

Shops:
D:3 ?


Innate Abilities, Weirdness & Mutations

You are partially covered in rugged brown scales. (AC +1, +3% HP)
You sometimes gain a little power by taking damage.


Message History

You enter the shallow water.
Moving in this stuff is going to be slow.
You enter the shallow water.
Moving in this stuff is going to be slow.
You see here an adder corpse.
You see here a +0 sling.
m - a scroll of identify You see here a +0 sling.
n - a +0 sling
As you read the scroll of identify, it crumbles to dust.
l - a potion of haste A jelly comes into view.
A jelly comes into view.
Found a potion of haste and a glowing blue potion.
The jelly quivers.
You enter the shallow water.
Moving in this stuff is going to be slow.
Found a viscous altar of Jiyva.
Casting: Freeze (safe; 1% risk of failure)
Confirm with . or Enter, or press ? or * to list all spells.
Casting: Frozen Ramparts (dangerous; 5% risk of failure)
Press: ? - help, Dir - look around, f - activate The walls around you are covered in ice.
The wall freezes the jelly.
The jelly hits you but does no damage.
You hit the jelly but do no damage.
Your hands burn!
The jelly is moderately wounded.
The wall freezes the jelly.
The jelly hits you. The acid corrodes you!
You are splashed with acid!
* * * LOW HITPOINT WARNING * * *
Casting: Frozen Ramparts (dangerous; 5% risk of failure)
Confirm with . or Enter, or press ? or * to list all spells.
Aiming: Freeze (safe; 1% risk of failure)
Press: ? - help, Shift-Dir - straight line, f - jelly
Aim: a jelly (moderately wounded)
You freeze the jelly.
The jelly is heavily wounded.
The wall freezes the jelly.
The jelly hits you.
* * * LOW HITPOINT WARNING * * *
The acid corrodes you!
You are splashed with acid.
You die...

_.# !!## J≈.≈#
####≈≈≈≈# #≈≈....≈
##..≈≈≈ ##≈.J# .#
#.≈@# J≈# ##.≈##
###≈≈# ##.≈.#
##≈..≈≈≈
#....###∩≈≈.. ≈≈# #
#.≈.###.≈≈### ≈.# #
#..†.##.≈##.##≈.####
#
##≈.≈##≈.#≈..#.≈≈..#
# ##..##.≈.≈.##≈≈...
# #.≈≈##.≈≈##≈≈.# #


You could see 2 jellies.

Vanquished Creatures
  4 adders
  A worm (Sewer)
  4 ball pythons
  7 endoplasms (Sewer)
  4 giant cockroaches
  A goblin (D:3)
  3 hobgoblins
  4 jackals (D:1)
  A kobold (D:1)
  2 bats
  6 frilled lizards
  4 rats
41 creatures vanquished.

Notes
Turn   | Place    | Note
-------+----------+-------------------------------------------
     0 | D:1      | jlumianski the Demonspawn Ice Elementalist began the quest
                  | for the Orb.
     0 | D:1      | Reached XP level 1. HP: 13/13 MP: 3/3
   290 | D:1      | Reached skill level 4 in Ice Magic
   290 | D:1      | Gained mutation: You are partially covered in rugged brown
                  | scales. (AC +1, +3% HP) [demonic ancestry]
   290 | D:1      | Reached XP level 2. HP: 10/19 MP: 5/5
  1070 | D:3      | Found Lokhlaol's Magic Scroll Shop.
  1088 | D:3      | Bought a scroll of identify for 20 gold pieces
  1144 | D:3      | Reached XP level 3. HP: 20/24 MP: 2/7
  1148 | D:3      | Learned a level 3 spell: Frozen Ramparts
  1152 | D:3      | Found a faded altar of an unknown god.
  1340 | D:3      | Found a glowing drain.
  1364 | Sewer    | Entered a sewer
  1744 | Sewer    | Learned a level 3 spell: Ozocubu's Armour
  1839 | Sewer    | Gained mutation: You sometimes gain a little power by
                  | taking damage. [demonic ancestry]
  1839 | Sewer    | Reached XP level 4. HP: 30/30 MP: 4/8
  1938 | Sewer    | Found a viscous altar of Jiyva.
  1941 | Sewer    | Splashed by a jelly's acid

Illustrated notes

Levels and vault maps discovered:
D:1:      spicycebolla_arrival_xxxplode, layout_loops_ring, minivault_27
D:2:      layout_loops_cross, uniq_jessica, uniq_natasha
D:3:      minmay_recursive_quarters, layout_basic, mainiacjoe_overflow_alcove_1,
          portal_sewer_entry_f, dilly_ecumenical_altar_fadedgnrine,
          serial_shops, shop
Sewer:    sewer_hellmonk_slimy_pipes

Skill      XL: |  1  2  3  4 |
---------------+-------------+-----
Ice Magic      | 4 |  4.4
Spellcasting   | 3 |  3.1
Dodging        | 2 |  2.1
Staves         | |  0.1
Stealth        | |  1.9

Action                   |  1- 3 |  4- 6 || total
-------------------------+-------+-------++-------
Melee: Staff             |    37 |     4 ||    41
       Punch             |     2 |       ||     2
Throw: Dart              |     6 |       ||     6
 Cast: Freeze            |    44 |     5 ||    49
       Frozen Ramparts   |     6 |     3 ||     9
  Use: Potion            |     2 |       ||     2
       Scroll            |     3 |     1 ||     4
 Stab: Sleeping          |     1 |       ||     1
Armor: Robe              |    16 |     3 ||    19
Dodge: Dodged            |    72 |    10 ||    82

Table legend: (Time is in decaauts)
 A = Elapsed time spent in this place.
 B = Non-inter-level travel time spent in this place.
 C = Inter-level travel time spent in this place.
 D = Time resting spent in this place.
 E = Time spent auto-exploring this place.
 F = Levels seen in this place.
 G = Mean time per level.
                   A        B        C        D        E       F      G
               +--------+--------+--------+--------+--------+-----+--------+
         Total |   1993 |   1993 |      0 |    261 |    931 |   4 |  498.2 |
       Dungeon |   1368 |   1368 |      0 |      0 |    922 |   3 |  456.0 |
         Sewer |    625 |    625 |      0 |    261 |      9 |   1 |  625.0 |
               +--------+--------+--------+--------+--------+-----+--------+

Top non-repeatable levels by time:
     D:1: 1005 daAuts
   Sewer: 625 daAuts
     D:3: 323 daAuts
     D:2: 39 daAuts
